 Dungeon Crawl Stone Soup version 0.31-a0-185-g9dded2c639 (webtiles) character file.

Game seed: 120888683262360674

4092 qw the Skirmisher (level 10, 0/60 HPs)
             Began as a Deep Elf Hunter on June 22, 2023.
             Was a Follower of Okawaru.
             Slain by a hornet (3 damage)
             ... while paralysed by a hornet
             ... on level 8 of the Dungeon.
             The game lasted 00:03:12 (6080 turns).

qw the Skirmisher (Deep Elf Hunter)                 Turns: 6080, Time: 00:03:13

Health: 0/60       AC:  7    Str: 18    XL:     10   Next: 5%
Magic:  27/27      EV:  2    Int: 15    God:    Okawaru [*.....]
Gold:   410        SH:  0    Dex: 18    Spells: 9/9 levels left

rFire   . . .        p - +5 sling of Excruciating Pain {heavy, Str+6}
rCold   + . .        (no shield)
rNeg    + . .        n - +0 troll leather armour
rPois   .            l - +0 helmet
rElec   .            (no cloak)
rCorr   .            (no gloves)
SInv    .            b - +0 pair of boots
Will    +....        c
                       - Hermit's Pendant {Faith Invo=14 Evo=0 MP+5}
Stlth   +++          e - ring of positive energy
HPRegen 1.10/turn    g - ring of protection from cold
MPRegen 0.20/turn

%: faith
@: paralysed, lethally poisoned (0 -> -1), about to teleport, heroic, slowed
A: no striking features
a: Renounce Religion, Heroism


You were on level 8 of the Dungeon.
You worshipped Okawaru.
Okawaru was aware of your devotion.
You visited 2 branches of the dungeon, and saw 9 of its levels.

You collected 446 gold pieces.
You spent 36 gold pieces at shops.


   Skills:
 - Level 6.0(11.0) Fighting
 - Level 14.0(19.0) Ranged Weapons
 - Level 2.1(7.1) Armour
 + Level 9.0(14.0) Dodging
 - Level 1.2(6.2) Stealth
 + Level 0.9(14.0) Invocations


You had 9 spell levels left.
You didn't know any spells.
Your spell library was empty.

Inventory:

Hand Weapons
 p - the +5 sling of Excruciating Pain (weapon) {heavy, Str+6}
   (You found it on level 8 of the Dungeon)

   Str:       It affects your strength (+6).
Armour
 b - a +0 pair of boots (worn)
 l - a +0 helmet (worn)
 n - a +0 troll leather armour (worn)
Jewellery
 c - the Hermit's Pendant (around neck) {Faith Invo=14 Evo=0 MP+5}
   (You acquired it on level 5 of the Dungeon)

   [amulet of faith]

   Invo=14: It sets your Invocations skill to 14.
   Evo=0: It sets your Evocations skill to 0.
   It allows you to gain divine favour quickly.
   MP:        It affects your magic capacity (+5).
 e - a ring of positive energy (left hand)
 g - a ring of protection from cold (right hand)
Wands
 k - a wand of digging (7)
Scrolls
 a - a scroll of identify
 f - 5 scrolls of teleportation
Potions
 d - 4 potions of curing
 h - a potion of haste
 i - a potion of heal wounds {unknown}
 j - a potion of might
 m - a potion of enlightenment
 o - a potion of experience {unknown}
 q - a potion of magic {unknown}

Dungeon Overview and Level Annotations

Branches:
Dungeon (8/15)             Temple (1/1) D:7
   Lair: D:8-11

Altars:
Ashenzari
Cheibriados
Dithmenos
Elyvilon
Fedhas
Gozag
Hepliaklqana
Kikubaaqudgha
Makhleb
Nemelex Xobeh
Okawaru
Qazlal
Ru
Sif Muna
Trog
Uskayaw
Vehumet
Wu Jian
Xom
Yredelemnul
Zin
The Shining One

Shops:
D:1 !

Annotations:
D:7 Joseph


Message History

The hornet stings you!
You feel as though you will be slow longer.
The hornet stings you.
You are more poisoned.
You feel as though you will be slow longer.
The hornet stings you!
You feel as though you will be slow longer.
6074 ||| INVOKING Heroism.
You gain the combat prowess of a mighty hero.
You feel very sick. The hornet completely misses you.
The hornet barely misses you.
You shoot a sling bullet.
The sling bullet hits the hornet but does no damage.
The hornet is almost dead.
You feel very sick. The hornet closely misses you. x2
The hornet stings you but does no damage.
You shoot a sling bullet.
The sling bullet hits the hornet but does no damage.
The hornet is almost dead.
You feel sick. The hornet closely misses you. The hornet barely misses you.
You shoot a sling bullet.
The sling bullet completely misses the hornet.
You feel sick. The hornet barely misses you. The hornet stings you!
You are more poisoned.
You feel as though you will be slow longer.
6078 ||| READING 6 scrolls of teleportation.
As you read the scroll of teleportation, it crumbles to dust.
You feel strangely unstable.
You feel very sick. The hornet misses you. The hornet completely misses you.
The hornet stings you but does no damage.
You shoot a sling bullet.
The sling bullet completely misses the hornet.
You feel very sick. The hornet stings you.
You suddenly lose the ability to move!
The hornet stings you.
You feel as though you will be slow longer.
You feel sick. The hornet stings you.
You die...

..##.##.#### .
......... #.
#....##
>..##.<.[.####
#...........#
....##.<...##.#
.##.......##
#..###.#######.#
.... #.y@.......
##. #..#.######
.. .........
$......#.###
....###.### ###.
#.# # #.# #.#


You could see a hornet.

Vanquished Creatures
  Pikel (D:7)
  Maggie (D:6)
  Grinder (D:4)
  A wraith (D:6)
  A steam dragon (D:8)
  Menkaure (D:7)
  2 water moccasins
  Duvessa (D:7)
  2 orc warriors
  A black bear (D:6)
  A centaur (D:7)
  A lemure (D:7)
  3 phantoms
  A kobold brigand (D:6)
  Blork the orc (D:5)
  2 gnoll sergeants
  2 bullfrogs (D:6)
  3 scorpions
  3 wights (D:6)
  Dowan (D:7)
  A jelly (D:7)
  4 hounds
  4 orc priests
  Ijyb (D:5)
  3 gnoll boudas
  5 iguanas (D:6)
  A sleepcap (D:6)
  6 orc wizards
  10 adders
  19 gnolls
  3 shadow imps
  2 ufetubi
  3 worms
  3 dart slugs
  29 orcs
  4 ball pythons
  5 endoplasms
  A giant cockroach (D:1)
  4 goblins
  9 hobgoblins
  3 jackals (D:1)
  5 quokkas
  12 bats
  3 frilled lizards
  12 kobolds
  10 rats
192 creatures vanquished.

Notes
Turn   | Place    | Note
-------+----------+-------------------------------------------
     0 | D:1      | qw the Deep Elf Hunter began the quest for the Orb.
     0 | D:1      | Reached XP level 1. HP: 12/12 MP: 3/3
     0 | D:1      | 0 ||| qw: Version: 0.3-a-9-g12657ce
     0 | D:1      | 0 ||| qw: Game counter: 1733
     0 | D:1      | 0 ||| qw: Always use a shield: true
     0 | D:1      | 0 ||| qw: God list: Okawaru
     0 | D:1      | 0 ||| qw: Allow faded altars: false
     0 | D:1      | 0 ||| qw: Do Orc after D:15 true
     0 | D:1      | 0 ||| qw: Do second Lair branch before Depths: true
     0 | D:1      | 0 ||| qw: Lair rune preference: random
     0 | D:1      | 0 ||| qw: Plans: Normal
     0 | D:1      | 0 ||| PLANNING D:1-11
    97 | D:1      | Reached XP level 2. HP: 16/16 MP: 4/4
   108 | D:1      | Reached skill level 6 in Ranged Weapons
   157 | D:1      | 157 ||| Stepping ~*~*~tactically~*~*~ (outnumbered).
   159 | D:1      | 159 ||| Stepping ~*~*~tactically~*~*~ (outnumbered).
   229 | D:1      | Found Bytix's Distillery.
   239 | D:1      | 239 ||| SHOPLISTING 2 potions of curing (72 gold, have 48).
   239 | D:1      | 239 ||| SHOPLISTING potion of cancellation (96 gold, have
                  | 48).
   239 | D:1      | 239 ||| BUYING potion of curing (36 gold).
   239 | D:1      | Bought a potion of curing for 36 gold pieces
   239 | D:1      | 239 ||| SHOPLISTING potion of enlightenment (60 gold, have
                  | 12).
   239 | D:1      | 239 ||| SHOPLISTING potion of haste (120 gold, have 12).
   239 | D:1      | 239 ||| SHOPLISTING potion of heal wounds (60 gold, have
                  | 12).
   239 | D:1      | 239 ||| SHOPLISTING potion of might (48 gold, have 12).
   452 | D:1      | Reached XP level 3. HP: 20/20 MP: 5/5
   691 | D:1      | 691 ||| READING 2 scrolls labelled VOXKE ZAFIPERE.
   692 | D:1      | 692 ||| READING 2 scrolls labelled ZIYMNO GAELA.
   695 | D:1      | 695 ||| READING scroll labelled PAMNECOENU.
   696 | D:1      | 696 ||| READING scroll labelled NYXTABR MIOSEL.
   697 | D:1      | 697 ||| READING scroll labelled TEORGHE QUOSIZ.
   698 | D:1      | 698 ||| DROPPING scroll of butterflies.
   848 | D:2      | Reached skill level 7 in Ranged Weapons
   975 | D:2      | Found a faded altar of an unknown god.
  1079 | D:2      | Found Kepnum's Jewellery Shoppe.
  1283 | D:2      | 1283 ||| UPGRADING to +0 pair of boots.
  1288 | D:2      | 1288 ||| UPGRADING to +0 scale mail.
  1298 | D:2      | 1298 ||| DROPPING +0 leather armour.
  1299 | D:2      | 1299 ||| UPGRADING to +0 helmet.
  1304 | D:2      | 1304 ||| READING scroll labelled QERAESMYGRA.
  1305 | D:2      | 1305 ||| READING scroll labelled ECIFILOEGE.
  1306 | D:2      | 1306 ||| READING scroll labelled IROINOI KONOGH.
  1358 | D:3      | 1358 ||| STAIRDANCE
  1360 | D:2      | 1360 ||| DRINKING 2 potions of curing.
  1360 | D:2      | 1360 ||| (to cure confusion)
  1368 | D:2      | Reached XP level 4. HP: 18/25 MP: 6/6
  1405 | D:3      | 1405 ||| STAIRDANCE
  1561 | D:3      | Reached skill level 8 in Ranged Weapons
  1842 | D:3      | Reached skill level 1 in Armour
  1867 | D:3      | 1867 ||| FLEEEEING.
  1868 | D:3      | 1868 ||| FLEEEEING.
  1869 | D:3      | 1869 ||| FLEEEEING.
  1875 | D:3      | 1875 ||| FLEEEEING.
  1876 | D:3      | 1876 ||| FLEEEEING.
  1877 | D:3      | 1877 ||| FLEEEEING.
  1878 | D:3      | 1878 ||| FLEEEEING.
  1879 | D:3      | 1879 ||| FLEEEEING.
  1880 | D:3      | 1880 ||| FLEEEEING.
  1881 | D:3      | 1881 ||| FLEEEEING.
  1895 | D:3      | 1895 ||| FLEEEEING.
  1896 | D:3      | 1896 ||| FLEEEEING.
  1901 | D:3      | 1901 ||| FLEEEEING.
  1902 | D:3      | 1902 ||| FLEEEEING.
  1903 | D:3      | 1903 ||| STAIRDANCE
  1913 | D:2      | 1913 ||| UPGRADING to +0 ring mail.
  1923 | D:2      | 1923 ||| DROPPING +0 scale mail.
  1924 | D:2      | 1924 ||| READING scroll labelled VOUSHAO APSIPT.
  1925 | D:2      | 1925 ||| READING 2 scrolls of identify.
  1925 | D:2      | 1925 ||| IDENTIFYING golden potion
  1930 | D:3      | 1930 ||| STAIRDANCE
  1960 | D:3      | Reached XP level 5. HP: 29/29 MP: 7/7
  2257 | D:3      | Found a shimmering altar of Xom.
  2456 | D:3      | 2456 ||| READING scroll labelled ANKYZEUPPI.
  2457 | D:3      | 2457 ||| READING 2 scrolls of identify.
  2457 | D:3      | 2457 ||| IDENTIFYING red potion
  2458 | D:3      | 2458 ||| DROPPING potion of degeneration.
  2460 | D:3      | 2460 ||| Stepping ~*~*~tactically~*~*~ (cloud).
  2465 | D:3      | HP: 7/29 [poisoned by you (poison gas)]
  2667 | D:4      | Noticed a phantom
  2677 | D:4      | Killed a phantom
  2678 | D:4      | Reached skill level 9 in Ranged Weapons
  2917 | D:4      | Noticed Grinder
  2920 | D:4      | Paralysed by Grinder for 2 turns
  2938 | D:4      | Paralysed by Grinder for 2 turns
  2947 | D:4      | Paralysed by Grinder for 3 turns
  2950 | D:4      | Killed Grinder
  2951 | D:4      | Reached skill level 3 in Fighting
  2951 | D:4      | Reached XP level 6. HP: 37/37 MP: 8/8
  3385 | D:4      | 3385 ||| UPGRADING to ring of positive energy.
  3386 | D:4      | 3386 ||| DROPPING +6 ring of intelligence.
  3387 | D:4      | 3387 ||| READING scroll labelled USIXIO ODEBODO.
  3488 | D:4      | 3488 ||| READING scroll labelled SALLEF VAINY.
  3489 | D:4      | 3489 ||| READING 2 scrolls of identify.
  3489 | D:4      | 3489 ||| IDENTIFYING gluggy blue potion
  3490 | D:4      | 3490 ||| DROPPING potion of lignification.
  3512 | D:5      | Entered Level 5 of the Dungeon
  3538 | D:5      | Reached XP level 7. HP: 33/41 MP: 9/9
  3585 | D:5      | Reached skill level 10 in Ranged Weapons
  3625 | D:5      | Noticed Blork the orc
  3631 | D:5      | Killed Blork the orc
  3632 | D:5      | Reached skill level 3 in Dodging
  3646 | D:5      | Noticed Ijyb
  3656 | D:5      | Killed Ijyb
  3897 | D:5      | Reached skill level 11 in Ranged Weapons
  3981 | D:5      | Found a burning altar of Makhleb.
  4094 | D:5      | 4094 ||| UPGRADING to +0 troll leather armour.
  4104 | D:5      | 4104 ||| DROPPING +0 ring mail.
  4105 | D:5      | 4105 ||| UPGRADING to ring of protection from cold.
  4106 | D:5      | 4106 ||| DROPPING ring of flight.
  4107 | D:5      | 4107 ||| READING scroll labelled AHEFYFU FAOD.
  4107 | D:5      | Identified a scroll of acquirement
  4107 | D:5      | 4107 ||| ACQUIRING Hermit's Pendant {Faith Invo=14 Evo=0
                  | MP+5}
  4107 | D:5      | Acquired the Hermit's Pendant {Faith Invo=14 Evo=0 MP+5}
  4107 | D:5      | Found the Hermit's Pendant {Faith Invo=14 Evo=0 MP+5}
  4109 | D:5      | 4109 ||| UPGRADING to Hermit's Pendant {Faith Invo=14 Evo=0
                  | MP+5}.
  4193 | D:5      | 4193 ||| READING 2 scrolls of identify.
  4193 | D:5      | 4193 ||| IDENTIFYING clear potion
  4201 | D:6      | 4201 ||| PLANNING SEWER
  4217 | D:6      | Found a basalt altar of Yredelemnul.
  4219 | D:6      | Found a sparkling altar of Nemelex Xobeh.
  4219 | D:6      | Found an ancient bone altar of Kikubaaqudgha.
  4220 | D:6      | Found a bloodstained altar of Trog.
  4220 | D:6      | Found a blossoming altar of Fedhas.
  4221 | D:6      | Found a stormy altar of Qazlal.
  4299 | D:6      | 4299 ||| Stepping ~*~*~tactically~*~*~ (outnumbered).
  4313 | D:6      | Reached XP level 8. HP: 46/46 MP: 20/20
  4345 | D:6      | 4345 ||| Stepping ~*~*~tactically~*~*~ (water).
  4370 | D:6      | Reached skill level 12 in Ranged Weapons
  4407 | D:6      | 4407 ||| FLEEEEING.
  4603 | D:6      | Reached skill level 13 in Ranged Weapons
  4640 | D:6      | Reached skill level 14 in Ranged Weapons
  4668 | D:6      | Reached XP level 9. HP: 49/51 MP: 21/21
  4678 | D:6      | Reached skill level 6 in Dodging
  4864 | D:6      | 4864 ||| RIP SEWER
  4875 | D:6      | 4875 ||| PLANNING D:1-11
  5042 | D:6      | 5042 ||| Stepping ~*~*~tactically~*~*~ (water).
  5044 | D:6      | 5044 ||| Stepping ~*~*~tactically~*~*~ (water).
  5046 | D:6      | 5046 ||| Stepping ~*~*~tactically~*~*~ (water).
  5048 | D:6      | 5048 ||| Stepping ~*~*~tactically~*~*~ (water).
  5110 | D:6      | 5110 ||| READING 2 scrolls of identify.
  5110 | D:6      | 5110 ||| IDENTIFYING metallic silvery potion
  5159 | D:7      | Noticed Menkaure
  5159 | D:7      | Noticed Joseph
  5159 | D:7      | Noticed a boulder beetle
  5162 | D:7      | 5162 ||| STAIRDANCE
  5179 | D:7      | 5179 ||| STAIRDANCE
  5179 | D:7      | HP: 3/52 [Joseph/sling bullet (13)]
  5181 | D:6      | 5181 ||| READING 6 scrolls of teleportation.
  5245 | D:7      | Noticed Maggie
  5256 | D:7      | 5256 ||| STAIRDANCE
  5273 | D:6      | Killed Maggie
  5317 | D:7      | 5317 ||| FLEEEEING.
  5318 | D:7      | 5318 ||| STAIRDANCE
  5347 | D:7      | Killed Menkaure
  5348 | D:7      | 5348 ||| STAIRDANCE
  5393 | D:7      | 5393 ||| FLEEEEING.
  5394 | D:7      | 5394 ||| FLEEEEING.
  5395 | D:7      | 5395 ||| STAIRDANCE
  5441 | D:7      | Found a staircase to the Ecumenical Temple.
  5442 | D:7      | 5442 ||| PLANNING TEMPLE
  5447 | Temple   | Entered the Ecumenical Temple
  5493 | Temple   | 5493 ||| PLANNING OKAWARU WORSHIP
  5504 | Temple   | Became a worshipper of Warmaster Okawaru
  5505 | Temple   | 5505 ||| PLANNING D:1-11
  5670 | D:7      | Noticed Dowan
  5672 | D:7      | Noticed Duvessa
  5674 | D:7      | Killed Dowan
  5698 | D:7      | Killed Duvessa
  5748 | D:7      | Reached skill level 9 in Dodging
  5789 | D:7      | Noticed Pikel
  5809 | D:7      | Killed Pikel
  5809 | D:7      | Reached * piety under Okawaru
  5810 | D:7      | Reached XP level 10. HP: 46/60 MP: 22/22
  5883 | D:7      | You fall into a shaft and drop 1 floor!
  5898 | D:8      | Identified the +5 sling of Excruciating Pain {heavy, Str+6}
  5900 | D:8      | 5900 ||| SWAPPING to +5 sling of Excruciating Pain {heavy,
                  | Str+6}.
  5901 | D:8      | 5901 ||| DROPPING +1 shortbow of draining.
  5951 | D:8      | 5951 ||| INVOKING Heroism.
  5954 | D:8      | Reached skill level 6 in Fighting
  5978 | D:8      | 5978 ||| READING scroll labelled OPPYGOKHLUWI.
  6072 | D:8      | Paralysed by a hornet for 1 turns
  6074 | D:8      | 6074 ||| INVOKING Heroism.
  6077 | D:8      | HP: 12/60 [hornet (11)]
  6078 | D:8      | 6078 ||| READING 6 scrolls of teleportation.
  6079 | D:8      | Paralysed by a hornet for 2 turns
  6079 | D:8      | HP: 3/60 [hornet (6)]
  6080 | D:8      | Slain by a hornet

Levels and vault maps discovered:
D:1:      roderic_chinese_lattice_arrival, layout_loops_cross, serial_shops,
          shop
D:2:      layout_loops_cross, hellmonk_ecumenical_altar_leap_of_faith,
          serial_shops, nicolae_shop_gaudy_bauble
D:3:      layout_loops_corners, xom_teletrap_fun, grunt_decor_fettered,
          st_stairs_11, kennysheep_cross_room, chequers_serial_rivers_micro_b,
          minmay_misc_feat_four_crosses, nicolae_figureground_sparkle
D:4:      layout_basic, uniq_grinder
D:5:      layout_basic, mainiacjoe_overflow_tiny_flanked, uniq_ijyb,
          uniq_blork_the_orc
D:6:      cheibrodos_barr_body, layout_loops_ring, grunt_temple_overflow_open,
          gup_sewer_entry_spiral, kennysheep_decorative_pillar
D:7:      layout_rooms, temple_green, uniq_maggie, uniq_menkaure, uniq_pikel,
          uniq_joseph, uniq_duvessa
D:8:      layout_loops_ring, david_lair_generic, uniq_maurice, uniq_psyche,
          uniq_erica
Temple:   zaba_magenta_temple

Skill      XL: |  1  2  3  4  5  6  7  8  9 10 |
---------------+-------------------------------+-----
Ranged Weapons | 6 7 8 9 11 14 | 14.0
Armour         | 1 2 |  2.1
Fighting       | 3 5 6 |  6.0
Dodging        | 4 5 9 |  9.0
Stealth        | |  1.2
Invocations    | |  0.9

Action                     |  1- 3 |  4- 6 |  7- 9 | 10-12 || total
---------------------------+-------+-------+-------+-------++-------
   Fire: Shortbow          |   115 |   145 |   480 |       ||   740
         Sling             |       |       |       |    11 ||    11
 Invoke: Heroism           |       |       |       |     2 ||     2
    Use: Scroll            |     8 |     7 |     4 |     2 ||    21
         Potion            |     1 |       |       |       ||     1
 Armour: Leather armour    |    11 |       |       |       ||    11
         Scale mail        |    12 |    17 |       |       ||    29
         Ring mail         |       |    14 |     5 |       ||    19
         Troll leather arm |       |       |    23 |     2 ||    25
  Dodge: Dodged            |    22 |    24 |   122 |    10 ||   178

Table legend:
 A = Non-vault XP
 B = Vault XP
 C = Vault XP percentage of total XP
 D = Non-vault monster count
 E = Vault monster count
 F = Vault count percentage of total count
                 A         B        C        D         E       F
            +---------+---------+-------+---------+---------+-------
      Total |    3002 |    2844 |  48.6 |     159 |      32 |  16.8
            +---------+---------+-------+---------+---------+-------
        D:1 |      51 |       0 |   0.0 |      32 |       0 |   0.0
        D:2 |      75 |       0 |   0.0 |      16 |       0 |   0.0
        D:3 |     116 |       7 |   5.7 |      25 |       4 |  13.8
        D:4 |     131 |     267 |  67.1 |       8 |       1 |  11.1
        D:5 |     451 |     131 |  22.5 |      17 |       2 |  10.5
        D:6 |    1204 |    1408 |  53.9 |      40 |      21 |  34.4
        D:7 |     797 |    1031 |  56.4 |      20 |       4 |  16.7
        D:8 |     177 |       0 |   0.0 |       1 |       0 |   0.0
            +---------+---------+-------+---------+---------+-------
